 Dungeon Crawl Stone Soup version 0.28-a0-60-g54b5640690 (webtiles) character file.

Game seed: 17788545194837049614

261 lnt the Changer (level 5, 39/39 (40) HPs)
             Began as a Draconian Transmuter on July 30, 2021.
             Quit the game on level 2 of the Dungeon on Aug 18, 2021.
             The game lasted 00:20:10 (5180 turns).

lnt the Changer (Draconian Transmuter)              Turns: 5180, Time: 00:20:10

HP:   39/39 (40)    AC:  7    Str: 12    XL:     5   Next: 96%
MP:   8/8           EV: 12    Int: 13    God:
Gold: 129           SH:  0    Dex: 13    Spells: 2/8 levels left

rFire   x . .      SeeInvis .     - Unarmed
rCold   + . .      Faith    .   (no shield)
rNeg    . . .      Spirit   .   (armour unavailable)
rPois   +          Reflect  .   (helmet restricted)
rElec   .          Harm     .   s - +1 cloak {rPois}
rCorr   .          Rampage  .   (no gloves)
Will    .....                   (no boots)
Stlth   +.........              (no amulet)
HPRegen 0.13/turn               p - ring of ice
MPRegen 0.11/turn               (no ring)

@: lightly drained
A: AC +5, unfitting armour, cold-blooded
a: no special abilities


You were on level 2 of the Dungeon.
You visited 1 branch of the dungeon, and saw 3 of its levels.

You collected 129 gold pieces.

Inventory:

Missiles
 c - 76 stones
 h - 22 poisoned darts (quivered)
Armour
 a - a +0 tower shield
 s - a +1 cloak of poison resistance (worn)
Jewellery
 p - a ring of ice (left hand)
Wands
 l - a wand of acid (7)
Scrolls
 e - 3 scrolls of identify {unknown}
 f - 5 scrolls of teleportation {unknown}
 g - 3 scrolls of torment {unknown}
 i - a scroll of enchant armour {unknown}
 j - a scroll of magic mapping {unknown}
 k - a scroll of acquirement {unknown}
 q - a scroll of enchant weapon {unknown}
 r - a scroll of amnesia {unknown}
Potions
 b - a potion of curing {unknown}
 d - 2 potions of attraction {unknown}
 m - 2 potions of degeneration {unknown}
 n - a potion of haste {unknown}
 o - a potion of heal wounds {unknown}


   Skills:
 - Level 1.1 Fighting
 - Level 2.0 Dodging
 + Level 3.7 Unarmed Combat
 - Level 2.0 Spellcasting
 * Level 5.7 Transmutations


You had 2 spell levels left.
You knew the following spells:

 Your Spells              Type           Power      Damage    Failure   Level
a - Beastly Appendage     Tmut           32%        N/A       2%          1
b - Wereblood             Tmut           16%        N/A       3%          2
c - Spider Form           Tmut/Pois      4%         N/A       24%         3

Your spell library contained the following spells:

 Spells                   Type           Power      Damage    Failure   Level
 Summon Guardian Golem    Hex/Summ       1%         N/A       58%         3
 Ice Form                 Ice/Tmut       13%        N/A       61%         4
 Orb of Destruction       Conj           0%         N/A       100%        7
 Spellforged Servitor     Conj/Summ      0%         N/A       100%        7


Dungeon Overview and Level Annotations

Branches:
Dungeon (3/15)

Altars:
Cheibriados
Xom
Beogh


Innate Abilities, Weirdness & Mutations

Your plain brown scales are hard. (AC +5)
You cannot fit into any form of body armour.
You are cold-blooded and may be slowed by cold attacks.


Message History

You feel resistant to poison.
The kobold throws a stone.
The stone closely misses you.
The kobold throws a stone.
The stone hits you but does no damage.
There is a stone staircase leading up here.
Casting: Spider Form (quite dangerous; 24% risk of failure)
Confirm with . or Enter, or press ? or * to list all spells.
You grow a pair of large bovine horns.
Your feet morph into talons.
The kobold hits you with a +2 dagger of chaos.
Space warps horribly around you!!
You are too injured to fight recklessly!
You are too injured to fight recklessly!
You climb upwards.
There is a stone staircase leading down here.
You are too injured to fight recklessly!
You are too injured to fight recklessly!
You are too injured to fight recklessly!
You closely miss the kobold. You claw the kobold, but do no damage.
Your headbutt misses the kobold. You tail-slap the kobold.
The kobold is severely wounded.
The kobold hits you with a +2 dagger of chaos.
You feel drained.
You hit the kobold but do no damage. Your kick misses the kobold.
The kobold is severely wounded.
The kobold hits you but does no damage.
You hit the kobold.
You kill the kobold!
Things that are here:
a +2 dagger of chaos; a kobold corpse You start resting.
Magic restored.
You start resting.
Your transformation is almost over.
You start resting.
Your horns disappear.
Your talons disappear.
You start resting.
HP restored.
Save game and exit?
Welcome back, lnt the Draconian Transmuter.
Press ? for a list of commands and other information.
Are you sure you want to abandon this character and quit the game? (Confirm with "yes".)

#.##.####.##..#.##.#.#
#.##.................#
#...#####..##.#.##...#####
...........##.#.#<.......#
###.#.##...##...##...###.#
.##...............รท..###.#
.##.#.#..................#
....#.......#.#.##########
..........#.#.#>@...#
....###...#.#.#####.#
............#.#####.#
#.#......####.......#
#.#.#..#...########.#
#.#.#..###.# ###
..#.#......# ......######
..#.###


There were no monsters in sight!

Vanquished Creatures
  Crazy Yiuf (D:3)
  2 hounds
  Ijyb (D:3)
  3 adders
  2 worms (D:2)
  3 dart slugs (D:1)
  5 orcs (D:3)
  10 endoplasms
  5 giant cockroaches
  11 goblins
  7 hobgoblins
  11 jackals
  8 kobolds
  3 quokkas (D:2)
  12 ball pythons
  4 bats
  6 frilled lizards
  4 rats
98 creatures vanquished.

Notes
Turn   | Place    | Note
-------+----------+-------------------------------------------
     0 | D:1      | lnt the Draconian Transmuter began the quest for the Orb.
     0 | D:1      | Reached XP level 1. HP: 16/16 MP: 3/3
   310 | D:1      | Reached XP level 2. HP: 22/23 MP: 1/5
   328 | D:1      | Reached skill level 3 in Transmutations
   824 | D:1      | Reached XP level 3. HP: 24/28 MP: 6/6
  1514 | D:1      | Found a faded altar of an unknown god.
  1712 | D:1      | Reached skill level 4 in Transmutations
  1940 | D:2      | Learned a level 2 spell: Wereblood
  1949 | D:2      | Learned a level 3 spell: Spider Form
  2200 | D:2      | Reached XP level 4. HP: 26/35 MP: 7/7
  2686 | D:2      | Reached skill level 5 in Transmutations
  3477 | D:2      | Reached XP level 5. HP: 33/40 MP: 8/8
  3822 | D:3      | Found a runed translucent door.
  3822 | D:3      | Noticed RaspberryAmber's ghost (amateur MiFi)
  4034 | D:3      | Found a large runed translucent door.
  4034 | D:3      | Found a large runed translucent door.
  4037 | D:3      | Found a snail-covered altar of Cheibriados.
  4068 | D:3      | Found a shimmering altar of Xom.
  4583 | D:3      | Noticed Ijyb
  4618 | D:3      | Killed Ijyb
  4816 | D:3      | Found a runed translucent door.
  4817 | D:3      | Noticed Crazy Yiuf
  4827 | D:3      | Killed Crazy Yiuf
  5180 | D:2      | Quit the game

Illustrated notes

Levels and vault maps discovered:
D:1:      lightli_arrival_maybe_door_vault, layout_basic,
          hellmonk_ecumenical_altar_defaced_shrine
D:2:      minmay_thinvault, layout_basic, kennysheep_another_room
D:3:      due_chaos_kobolds, layout_rooms, lemuel_doored_altar,
          gammafunk_ghost_grave, kennysheep_donut, uniq_crazy_yiuf_cottage,
          uniq_ijyb

Skill      XL: |  1  2  3  4 |
---------------+-------------+-----
Transmutations | 3 4 5 |  5.7
Dodging        | 2 |  2.0
Fighting       | |  1.1
Unarmed Combat | |  3.7
Spellcasting   | |  2.0

Action                   |  1- 3 |  4- 6 || total
-------------------------+-------+-------++-------
Melee: Unarmed           |   130 |   175 ||   305
       Kick              |    25 |    27 ||    52
       Headbutt          |    19 |    23 ||    42
       Tailslap          |    11 |    16 ||    27
       Punch             |     2 |       ||     2
Throw: Dart              |       |     1 ||     1
 Cast: Beastly Appendage |    35 |    32 ||    67
       Spider Form       |       |     2 ||     2
Armor: Skin              |    45 |    43 ||    88
Dodge: Dodged            |    86 |   113 ||   199

Table legend: (Time is in decaauts)
 A = Elapsed time spent in this place.
 B = Non-inter-level travel time spent in this place.
 C = Inter-level travel time spent in this place.
 D = Time resting spent in this place.
 E = Time spent auto-exploring this place.
 F = Levels seen in this place.
 G = Mean time per level.
                   A        B        C        D        E       F      G
               +--------+--------+--------+--------+--------+-----+--------+
         Total |   5164 |   5029 |    135 |   1395 |   2376 |   3 | 1721.3 |
       Dungeon |   5164 |   5029 |    135 |   1395 |   2376 |   3 | 1721.3 |
               +--------+--------+--------+--------+--------+-----+--------+

Top non-repeatable levels by time:
     D:2: 2071 daAuts
     D:1: 1786 daAuts
     D:3: 1306 daAuts
